 Dungeon Crawl Stone Soup version 0.22-a0-512-g0943f25 (webtiles) character file.

113 kr3s1m1r the Grave Robber (level 4, -10/33 HPs)
             Began as a Mummy Necromancer on June 18, 2018.
             Mangled by a gnoll
             ... wielding a +0 halberd
              (15 damage)
             ... on level 3 of the Dungeon.
             The game lasted 00:06:00 (2171 turns).

kr3s1m1r the Grave Robber (Mummy Necromancer)       Turns: 2171, Time: 00:06:01

Health: -10/33     AC:  2    Str: 11    XL:     4   Next: 65%
Magic:  2/10       EV: 12    Int: 15    God:
Gold:   76         SH:  0    Dex: 12    Spells: 2/11 levels left

rFire    x . .     SeeInvis .   d - +0 short sword (drain)
rCold    + . .     Gourm    .   (no shield)
rNeg     + + +     Faith    .   a - +0 robe
rPois    ∞         Spirit   .   (no helmet)
rElec    .         Reflect  .   (no cloak)
rCorr    .         Harm     .   (no gloves)
MR       .....                  (no boots)
Stlth    ++........             (no amulet)
HPRegen  0.11/turn              (no ring)
MPRegen  0.12/turn              (no ring)

@: very slightly contaminated
A: no food or potions, fire vulnerability, cold resistance 1, negative energy
resistance 3, torment resistance, unbreathing
a: no special abilities


You were on level 3 of the Dungeon.
You were not hungry.

You visited 1 branch of the dungeon, and saw 3 of its levels.

You collected 76 gold pieces.

Inventory:

Hand Weapons
 d - a +0 short sword of draining (weapon)
Missiles
 c - 44 stones (quivered)
Armour
 a - a +0 robe (worn)
Scrolls
 b - 2 scrolls of identify {unknown}
 e - a scroll of enchant weapon {unknown}
 f - 2 scrolls of amnesia {unknown}


   Skills:
 + Level 1.7 Fighting
 - Level 1.5 Dodging
 - Level 1.5 Stealth
 * Level 4.3 Spellcasting
 * Level 4.9 Necromancy


You had 2 spell levels left.
You knew the following spells:

 Your Spells              Type           Power        Failure   Level  Hunger
a - Animate Dead          Necr           N/A          22%         4    N/A
t - Vampiric Draining     Necr           ###.......   7%          3    N/A
u - Animate Skeleton      Necr           N/A          2%          1    N/A
z - Pain                  Necr           ###.         2%          1    N/A

Your spell library contained the following spells:

 Spells                   Type           Power        Failure   Level  Hunger
 Regeneration             Chrm/Necr      ##........   19%         3    N/A

Dungeon Overview and Level Annotations

Branches:
Dungeon (3/15)

Altars:
Dithmenos
Qazlal
Yredelemnul
Zin
The Shining One


Innate Abilities, Weirdness & Mutations

You do not eat or drink.
Your flesh is vulnerable to fire.
You are immune to poison.
Your flesh is cold resistant. (rC+)
You are immune to negative energy. (rN+++)
You are immune to unholy pain and torment.
You can survive without breathing.


Message History

Casting: Pain (safe; 2% risk of failure)
Confirm with . or Enter, or press ? or * to list all spells.
Aiming: Pain (safe; 2% risk of failure)
Press: ? - help, Shift-Dir - straight line, f - gnoll
Aim: a gnoll, wielding a halberd (chance to defeat MR: 84%)
The gnoll writhes in agony!
* * * LOW MAGIC WARNING * * *
The gnoll hits you from afar with a halberd!
* * * LOW HITPOINT WARNING * * *
The goblin barely misses your adder skeleton.
Your adder skeleton bites the goblin.
Casting: Pain (safe; 2% risk of failure)
Confirm with . or Enter, or press ? or * to list all spells.
Aiming: Pain (safe; 2% risk of failure)
Press: ? - help, Shift-Dir - straight line, f/p - gnoll
Aim: a gnoll, wielding a halberd (lightly wounded, chance to defeat MR: 84%)
The gnoll writhes in agony!
* * * LOW MAGIC WARNING * * *
The gnoll hits you from afar with a halberd!
You die...

#### #.. ## #.#
r.
#########.###.#
#.<..........#
#####.##@##.#..#
#..............#
#.###..g....##.#
#..#Z#†###.##
#.†.(..%....#
##g#.#.###.<#
#.............#
......###..##.#
#.......# #..# #


You could see a gnoll, a goblin and a friendly adder skeleton.

Vanquished Creatures
  6 adders
  A dart slug (D:2)
  2 leopard geckos
  3 giant cockroaches
  9 goblins
  A hobgoblin (D:2)
  3 jackals (D:1)
  A ball python (D:2)
  6 bats
  2 frilled lizards
  5 kobolds
  3 rats
42 creatures vanquished.

Vanquished Creatures (collateral kills)
  A gnoll (D:3)
  A worm (D:2)
  A goblin (D:1)
3 creatures vanquished.

Grand Total: 45 creatures vanquished

Notes
Turn   | Place    | Note
-------+----------+-------------------------------------------
     0 | D:1      | kr3s1m1r the Mummy Necromancer began the quest for the Orb.
     0 | D:1      | Reached XP level 1. HP: 13/13 MP: 4/4
    47 | D:1      | Learned a level 1 spell: Animate Skeleton
   267 | D:1      | Reached XP level 2. HP: 20/20 MP: 3/6
   903 | D:2      | Reached skill level 1 in Fighting
   903 | D:2      | Reached XP level 3. HP: 26/26 MP: 4/8
  1094 | D:2      | Found a glowing silver altar of Zin.
  1107 | D:2      | Learned a level 3 spell: Vampiric Draining
  1230 | D:2      | Found a shadowy altar of Dithmenos.
  1350 | D:2      | Found a stormy altar of Qazlal.
  1501 | D:2      | Reached XP level 4. HP: 32/32 MP: 8/10
  1513 | D:2      | Learned a level 4 spell: Animate Dead
  1547 | D:2      | Found a glowing golden altar of the Shining One.
  1552 | D:2      | Found a basalt altar of Yredelemnul.
  2019 | D:2      | Noticed an angel
  2171 | D:3      | Mangled by a gnoll

Vault maps used:
D:1:      eino_arrival_water_cross, serial_park_tiny_2
D:2:      lemuel_crystal_altar, overflow_temple_1_default, lemuel_crystal_altar,
          grunt_temple_overflow_holy_war, hangedman_decor_push,
          hangedman_decor_growths
D:3:      wad_pebble_path, marbit_many_paths

Skill      XL: |  1  2  3 |
---------------+----------+-----
Spellcasting   | 3 4 |  4.3
Fighting       | 1 |  1.7
Dodging        | |  1.5
Stealth        | |  1.5
Necromancy     | |  4.9

Action                   |  1- 3 |  4- 6 || total
-------------------------+-------+-------++-------
Melee: Short sword       |     8 |     6 ||    14
       Unarmed           |     3 |       ||     3
 Cast: Pain              |    66 |    36 ||   102
       Animate Skeleton  |    11 |     3 ||    14
Armor: Robe              |     9 |     1 ||    10
Dodge: Dodged            |    31 |    18 ||    49

Table legend:
 A = Spawn XP
 B = Non-spawn XP
 C = Spawn XP percentage of total XP
 D = Spawn monster count
 E = Non-spawn monster count
 F = Spawn count percentage of total count
 G = Total turns spent on level
                    A         B        C        D         E        F      G
               +---------+---------+-------+---------+---------+-------+---------
         Total |       0 |     162 |   0.0 |       0 |      45 |   0.0 |  2171
               +---------+---------+-------+---------+---------+-------+---------
           D:1 |       0 |      25 |   0.0 |       0 |      14 |   0.0 |   851
           D:2 |       0 |      94 |   0.0 |       0 |      26 |   0.0 |  1196
           D:3 |       0 |      43 |   0.0 |       0 |       5 |   0.0 |   124
               +---------+---------+-------+---------+---------+-------+---------
